 Dungeon Crawl Stone Soup version 0.14.0-12-g87ee3b7 (webtiles) character file.

1223 Leibowitz the Sneak (level 8, -1/75 HPs)
             Began as a Kobold Berserker on Apr 15, 2014.
             Was an Elder of Trog.
             Slain by an orc warrior
             ... wielding a +0,+0 great sword
              (19 damage)
             ... on Level 5 of the Dungeon.
             The game lasted 00:19:46 (4848 turns).

Leibowitz the Sneak (Kobold Berserker)              Turns: 4848, Time: 00:19:46

HP  -1/75        AC  4     Str 25      XL: 8   Next: 35%
MP   8/8         EV 18     Int  5      God: Trog [****..]
Gold 279         SH  0     Dex 16      Spells:  0 memorised,  7 levels left

rFire  . . .     SeeInvis .     a - +0 short sword
rCold  . . .     Clarity  .     w - +1 animal skin
rNeg   . . .     Conserve .     (no shield)
rPois  .         rCorr    +     (no helmet)
rElec  .         rRot     .     (no cloak)
SustAb . .       Spirit   .     (no gloves)
rMut   .         Warding  .     (no boots)
Saprov + + .     Stasis   .     e - amulet of resist corrosion
MR     .....                    q - +3 ring of strength
                                k - +1 ring of protection

@: berserking, very slightly contaminated, hasted, very quick, not resistant to
hostile enchantments, extremely unstealthy
A: disease resistance, carnivore 3, saprovore 2
a: Burn Spellbooks, Berserk, Trog's Hand, Brothers in Arms, Renounce Religion


You were on level 5 of the Dungeon.
You worshipped Trog.
Trog was greatly pleased with you.
You were not hungry.

You visited 1 branch of the dungeon, and saw 5 of its levels.

You collected 279 gold pieces.

Inventory:

Hand weapons
 a - a +0,+0 short sword (weapon)
 b - a +0 blowgun
 d - a +2,+0 dagger of holy wrath
 j - a +2,+1 dagger of draining
 m - a +2,+0 anti-magic dagger
 p - a +0,+1 vampiric short sword
 y - a +0,+1 dagger
Missiles
 x - 19 poisoned needles
Armour
 w - a +1 animal skin (worn)
Comestibles
 c - 5 meat rations
Scrolls
 f - 7 scrolls of teleportation
 g - a scroll of recharging {unknown}
 i - a scroll of enchant weapon II
 l - 8 scrolls of identify
 n - a scroll of fog {unknown}
Jewellery
 e - an amulet of resist corrosion (around neck)
 h - an uncursed ring of flight
 k - a +1 ring of protection (left hand)
 q - a +3 ring of strength (right hand)
 u - an uncursed ring of teleportation
Potions
 o - 2 potions of curing


   Skills:
 * Level 5.4 Fighting
 + Level 6.2 Short Blades
 + Level 1.5 Throwing
 - Level 1.5 Armour
 + Level 6.3 Dodging
 * Level 7.2 Stealth


You had 7 spell levels left.
You didn't know any spells.

Dungeon Overview and Level Annotations

Branches:
Dungeon (5/15)
 Temple: D:4-7

Altars:
Ashenzari

Annotations:
D:5 Eustachio


Innate Abilities, Weirdness & Mutations

You recuperate from illness quickly.
You are small and have problems with some larger weapons.
You are carnivorous and can eat meat at any time.
You can eat rotten meat.


Message History

The adder zombie bites you.
You barely miss Eustachio.
Eustachio is heavily wounded.
The kobold zombie closely misses you. The orc warrior misses you.
The orc warrior hits you with a long sword.
The adder zombie barely misses you.
You closely miss Eustachio.
Eustachio is heavily wounded.
The gnoll sergeant hits you from afar with a trident!
Eustachio mumbles some strange words.
Eustachio blinks!
The crimson imp closely misses you.
You slash the quasit!
The quasit is heavily wounded.
The adder zombie barely misses you.
The kobold zombie hits you but does no damage.
The quasit misses you. The quasit completely misses you. The quasit misses you.
The orc warrior hits you with a long sword!
* * * LOW HITPOINT WARNING * * *
The orc warrior hits you with a great sword!
You die...

##'##### ########'##
#.## ##.# #..# ##..#
##.# ####..## #.#
#....## #.# ###'#####
###.###### #.)5....#
#........####..zz...#
#........#....g5@@..#
...............5oo..+
#........#..###.5...#
#####.##.#..#^#..####
.# ....###..# ##
.......# . ....#
.....# ###


You could see Eustachio, 2 orc warriors, a gnoll sergeant, a quasit, a crimson
imp, a shadow imp, an ufetubus, an adder zombie and a kobold zombie.

Vanquished Creatures
  Grinder (D:3)
  The ghost of Cab the Ogre Mage, an average OgAE of Okawaru (D:4)
  A phantom (D:4)
  A centaur (D:5)
  A scorpion (D:5)
  A hound (D:5)
  A giant frog skeleton (D:5)
  3 orc wizards
  3 worker ants (D:4)
  3 adders
  2 worms
  A giant gecko (D:1)
  3 oozes
  15 orcs
  5 giant cockroaches
  10 hobgoblins
  A quokka (D:2)
  A ball python (D:3)
  10 bats
  3 giant newts
  10 goblins
  A hobgoblin skeleton (D:5)
  10 jackals (D:1)
  12 kobolds
  11 rats
111 creatures vanquished.

Notes
Turn   | Place    | Note
--------------------------------------------------------------
     0 | D:1      | Leibowitz, the Kobold Berserker, began the quest for the Orb.
     0 | D:1      | Reached XP level 1. HP: 14/14 MP: 1/1
   213 | D:1      | Reached XP level 2. HP: 16/19 MP: 2/2
   231 | D:1      | Reached skill level 1 in Stealth
   555 | D:1      | Acquired Trog's second power
   699 | D:1      | Reached XP level 3. HP: 7/24 MP: 3/3
  1655 | D:2      | Reached XP level 4. HP: 19/29 MP: 4/4
  1989 | D:3      | Noticed Grinder
  2000 | D:3      | Killed Grinder
  2000 | D:3      | Reached skill level 5 in Short Blades
  2000 | D:3      | Reached XP level 5. HP: 17/34 MP: 5/5
  2000 | D:3      | Reached XP level 6. HP: 19/39 MP: 6/6
  2338 | D:3      | Reached skill level 5 in Dodging
  3422 | D:3      | Reached XP level 7. HP: 44/44 MP: 7/7
  3468 | D:4      | Acquired Trog's third power
  3598 | D:4      | Reached skill level 5 in Stealth
  4311 | D:4      | Found a shattered altar of Ashenzari.
  4322 | D:4      | Noticed Cab's ghost (average OgAE)
  4351 | D:4      | Killed Cab's ghost
  4351 | D:4      | Reached skill level 5 in Fighting
  4351 | D:4      | Reached skill level 6 in Short Blades
  4351 | D:4      | Reached skill level 1 in Throwing
  4351 | D:4      | Reached XP level 8. HP: 39/49 MP: 8/8
  4652 | D:5      | Entered Level 5 of the Dungeon
  4833 | D:5      | Noticed Eustachio
  4835 | D:5      | Reached skill level 7 in Stealth
  4848 | D:5      | Slain by an orc warrior

Action                   |  1- 3 |  4- 6 |  7- 9 || total
-------------------------+-------+-------+-------++-------
Melee: Dagger            |   203 |       |    14 ||   217
       Short sword       |    46 |   151 |   135 ||   332
 Fire: Blowgun           |       |       |    12 ||    12
Invok: Berserk           |     2 |     2 |     4 ||     8
  Use: Scroll            |     4 |     8 |       ||    12
       Potion            |       |     5 |     2 ||     7
 Stab: Sleeping          |     1 |     7 |     6 ||    14
